 Dungeon Crawl Stone Soup version 0.31-a0-259-g771a54ca4b (webtiles) character file.

Game seed: 9451089077593058190

330 qw the Shooter (level 6, 0/53 HPs)
             Began as a Minotaur Hexslinger on July 13, 2023.
             Slain by Duvessa
             ... wielding a +0 short sword
              (7 damage)
             ... on level 4 of the Dungeon.
             The game lasted 00:01:20 (3640 turns).

qw the Shooter (Minotaur Hexslinger)                Turns: 3640, Time: 00:01:20

Health: 0/53       AC:  4    Str: 13    XL:     6   Next: 26%
Magic:  6/6        EV: 12    Int: 10    God:
Gold:   94         SH:  0    Dex: 14    Spells: 6/7 levels left

rFire   . . .        Y - +1 sling
rCold   + . .        (no shield)
rNeg    . . .        d - +0 robe {rC+}
rPois   .            (helmet restricted)
rElec   .            (no cloak)
rCorr   .            (no gloves)
SInv    .            f - +1 pair of boots
Will    .....        (no amulet)
Stlth   +            (no ring)
HPRegen 0.28/turn    (no ring)
MPRegen 0.10/turn

%: no passive effects
@: no status effects
A: horns 2, retaliatory headbutt
a: no special abilities


You were on level 4 of the Dungeon.
You visited 2 branches of the dungeon, and saw 5 of its levels.

You collected 263 gold pieces.
You spent 169 gold pieces at shops.


Innate Abilities, Weirdness & Mutations

You have a pair of horns on your head.
You reflexively headbutt those who attack you in melee.


   Skills:
 - Level 4.3 Fighting
 + Level 6.2 Ranged Weapons
 - Level 2.1 Dodging
 - Level 1.0 Spellcasting
 - Level 2.0 Hexes


You had 6 spell levels left.
You knew the following spells:

 Your Spells              Type           Power      Damage    Failure   Level
a - Slow                  Hex            16%        N/A       16%         1

Your spell library contained the following spells:

 Spells                   Type           Power      Damage    Failure   Level
 Inner Flame              Hex/Fire       2%         N/A       56%         3
 Portal Projectile        Hex/Tloc       4%         N/A       56%         3
 Cause Fear               Hex            2%         N/A       83%         4

Inventory:

Hand Weapons
 Y - a +1 sling (weapon)
Armour
 d - a +0 robe of cold resistance (worn)
 e - a +0 leather armour
 f - a +1 pair of boots (worn)
Scrolls
 j - 2 scrolls of identify
 k - a scroll of fear {unknown}
 m - a scroll of silence {unknown}
Potions
 a - 4 potions of curing
 b - a potion of magic {unknown}
 c - a potion of lignification {unknown}
 g - a potion of heal wounds {unknown}
 h - a potion of berserk rage {unknown}
 i - a potion of haste {unknown}
 l - a potion of might

Dungeon Overview and Level Annotations

Branches:
Dungeon (4/15)             Temple (1/1) D:4

Altars:
Cheibriados
Elyvilon
Fedhas
Gozag
Hepliaklqana
Kikubaaqudgha
Nemelex Xobeh
Ru
Trog
Vehumet
Wu Jian
Xom
Yredelemnul
Zin
The Shining One

Shops:
D:4 !

Annotations:
D:4 2 transporters, Dowan, Duvessa, Menkaure


Message History

The puff of flame misses you. Duvessa barely misses you.
You furiously retaliate!
You headbutt Duvessa! You shoot a sling bullet. The sling bullet hits Duvessa.
Duvessa is moderately wounded.
Duvessa misses you. You furiously retaliate!
You headbutt Duvessa. Dowan closely misses you.
You shoot a sling bullet.
The sling bullet closely misses Duvessa.
Duvessa misses you.
Dowan throws and catches a handful of magical flame, then smirks.
Dowan barely misses you.
You shoot a sling bullet.
The sling bullet hits Duvessa but does no damage.
Duvessa is heavily wounded.
Dowan misses you. You furiously retaliate!
You headbutt Dowan. Duvessa hits you with a +0 short sword!
You shoot a sling bullet. The sling bullet hits Duvessa!
Duvessa is heavily wounded.
Dowan hits you with a +0 dagger. Duvessa hits you with a +0 short sword.
You shoot a sling bullet.
The sling bullet closely misses Duvessa.
Dowan closely misses you. Duvessa hits you with a +0 short sword.
You shoot a sling bullet.
The sling bullet hits Duvessa but does no damage.
Duvessa is heavily wounded.
Dowan hits you with a +0 dagger. Duvessa closely misses you.
You shoot a sling bullet.
The sling bullet hits Duvessa but does no damage.
Duvessa is heavily wounded.
Duvessa hits you with a +0 short sword.
Dowan throws and catches a handful of magical flame, then smirks.
Dowan hits you with a +0 dagger.
You shoot a sling bullet. The sling bullet hits Duvessa.
Duvessa is severely wounded.
Duvessa hits you with a +0 short sword! Dowan barely misses you.
You furiously retaliate!
You headbutt Dowan. You shoot a sling bullet.
The sling bullet closely misses Duvessa.
Duvessa hits you with a +0 short sword!
You die...

###### ######### #....######
####.......##### #....#....#
...#.......#.... #....#....#
...+.......#.... #....#....#
...#.......#.... #....#...(#
...#.......#.... #....#'########
...#.......#..##
..............###e..#......######
..............#.@e..+......#.....
..............'.....#......#.>..<
..............#.....#......'.....
..............#.....#.>....#.....
....#####.....+.....#......#.####
....'...#.....#....[#....########
....#...#...:.#.....#....#.......
....#...#.....#######....#.......
...)#...#.....# #....#'######


You could see Duvessa and Dowan.

Vanquished Creatures
  An ogre (D:4)
  2 hounds
  6 adders
  A white imp (D:4)
  3 worms
  4 dart slugs
  6 orcs (D:3)
  8 bats
  9 endoplasms
  4 giant cockroaches (D:3)
  6 goblins
  10 hobgoblins
  9 jackals
  4 quokkas
  9 ball pythons
  5 frilled lizards
  5 kobolds
  7 rats
99 creatures vanquished.

Notes
Turn   | Place    | Note
-------+----------+-------------------------------------------
     0 | D:1      | qw the Minotaur Hexslinger began the quest for the Orb.
     0 | D:1      | Reached XP level 1. HP: 16/16 MP: 1/1
     0 | D:1      | 0 ||| qw: Version: 0.3-a-52-g30416fa
     0 | D:1      | 0 ||| qw: Game counter: 6841
     0 | D:1      | 0 ||| qw: Melee chars always use a shield: true
     0 | D:1      | 0 ||| qw: God list: Okawaru
     0 | D:1      | 0 ||| qw: Allow faded altars: false
     0 | D:1      | 0 ||| qw: Do Orc after clearing Dungeon:15 true
     0 | D:1      | 0 ||| qw: Do second Lair branch before Depths: true
     0 | D:1      | 0 ||| qw: Lair rune preference: random
     0 | D:1      | 0 ||| qw: Goals: Normal
     0 | D:1      | 0 ||| PLANNING D:1-11
   136 | D:1      | Reached skill level 3 in Ranged Weapons
   136 | D:1      | Reached XP level 2. HP: 23/23 MP: 2/2
   825 | D:1      | Reached XP level 3. HP: 29/29 MP: 3/3
   974 | D:1      | 974 ||| UPGRADING to +1 pair of boots.
   979 | D:1      | 979 ||| READING scroll labelled TUDUMU RIRPHOXI.
   980 | D:1      | 980 ||| READING scroll labelled LEAMNE KUSKICA.
   981 | D:1      | 981 ||| DRINKING 3 fizzy grey potions.
   982 | D:1      | 982 ||| DROPPING scroll of poison.
   983 | D:1      | 983 ||| DROPPING 2 potions of attraction.
  1325 | D:2      | Reached skill level 4 in Ranged Weapons
  1700 | D:2      | 1700 ||| UPGRADING to +0 robe of cold resistance.
  1710 | D:2      | 1710 ||| DROPPING +0 robe.
  1732 | D:3      | Reached XP level 4. HP: 36/36 MP: 4/4
  2212 | D:3      | Found a faded altar of an unknown god.
  2242 | D:3      | Found a bloodstained altar of Trog.
  2246 | D:3      | 2246 ||| Stepping ~*~*~tactically~*~*~ (outnumbered).
  2248 | D:3      | 2248 ||| Stepping ~*~*~tactically~*~*~ (outnumbered).
  2255 | D:3      | Reached skill level 5 in Ranged Weapons
  2289 | D:3      | 2289 ||| Stepping ~*~*~tactically~*~*~ (outnumbered).
  2500 | D:3      | Reached skill level 3 in Fighting
  2583 | D:3      | Found a hazy altar of Hepliaklqana.
  2663 | D:3      | Reached XP level 5. HP: 30/45 MP: 5/5
  2676 | D:3      | HP: 10/45 [poisoned by an adder]
  2827 | D:3      | Found a shimmering altar of Xom.
  3121 | D:4      | Found a staircase to the Ecumenical Temple.
  3122 | D:4      | 3122 ||| PLANNING TEMPLE
  3122 | D:4      | 3122 ||| READING 2 scrolls labelled NONAME QUMUTY.
  3135 | Temple   | Entered the Ecumenical Temple
  3275 | Temple   | 3275 ||| PLANNING D:1-11
  3290 | D:4      | Found a transporter.
  3294 | D:4      | Found an ancient bone altar of Kikubaaqudgha.
  3296 | D:4      | Found a transporter.
  3332 | D:4      | Reached skill level 6 in Ranged Weapons
  3357 | D:4      | Noticed an ogre
  3366 | D:4      | Killed an ogre
  3367 | D:4      | Reached XP level 6. HP: 38/53 MP: 6/6
  3491 | D:4      | Found a basalt altar of Yredelemnul.
  3493 | D:4      | Noticed Menkaure
  3509 | D:4      | Found Quicaf's Distillery.
  3520 | D:4      | 3520 ||| BUYING potion of curing (39 gold).
  3520 | D:4      | Bought a potion of curing for 39 gold pieces
  3520 | D:4      | 3520 ||| BUYING potion of curing (39 gold).
  3520 | D:4      | Bought a potion of curing for 39 gold pieces
  3520 | D:4      | 3520 ||| BUYING potion of curing (39 gold).
  3520 | D:4      | Bought a potion of curing for 39 gold pieces
  3520 | D:4      | 3520 ||| BUYING potion of might (52 gold).
  3520 | D:4      | Bought a potion of might for 52 gold pieces
  3520 | D:4      | 3520 ||| SHOPLISTING potion of mutation (104 gold, have
                  | 94).
  3564 | D:4      | Identified the +10 dagger "Ladair" {heavy, Contam Str+2
                  | Dex+5}
  3625 | D:4      | Noticed Duvessa
  3625 | D:4      | Noticed Dowan
  3639 | D:4      | HP: 7/53 [Duvessa/+0 short sword (8)]
  3640 | D:4      | Slain by Duvessa

Levels and vault maps discovered:
D:1:      dpeg_arrival_ternary, layout_basic, hex_medium
D:2:      layout_basic
D:3:      layout_loops_corners, worldfamousw_hep_ancestral_shrine,
          xom_confusion_cloud, trog_hazing_becter,
          hellmonk_ecumenical_altar_crossroads, grunt_ministairs_10
D:4:      layout_gridville, gammafunk_temple_of_torment,
          minmay_temple_entry_mini_moons, serial_shops,
          nicolae_shop_industrial_runoff, uniq_duvessa
Temple:   hellmonk_temple_flake

Skill      XL: |  1  2  3  4  5 |
---------------+----------------+-----
Ranged Weapons | 3 4 5 6 |  6.2
Fighting       | 2 3 4 |  4.3
Dodging        | |  2.1
Spellcasting   | |  1.0
Hexes          | |  2.0

Action                     |  1- 3 |  4- 6 || total
---------------------------+-------+-------++-------
   Fire: Sling             |   125 |   202 ||   327
    Use: Scroll            |     2 |     1 ||     3
         Potion            |     1 |       ||     1
 Armour: Robe              |    12 |    40 ||    52
  Dodge: Dodged            |    36 |   101 ||   137

Table legend:
 A = Non-vault XP
 B = Vault XP
 C = Vault XP percentage of total XP
 D = Non-vault monster count
 E = Vault monster count
 F = Vault count percentage of total count
                 A         B        C        D         E       F
            +---------+---------+-------+---------+---------+-------
      Total |     377 |      95 |  20.1 |      80 |      19 |  19.2
            +---------+---------+-------+---------+---------+-------
        D:1 |      44 |       0 |   0.0 |      24 |       0 |   0.0
        D:2 |      51 |       0 |   0.0 |      15 |       0 |   0.0
        D:3 |      86 |      95 |  52.5 |      29 |      19 |  39.6
        D:4 |     196 |       0 |   0.0 |      12 |       0 |   0.0
            +---------+---------+-------+---------+---------+-------
